 Dungeon Crawl Stone Soup version 0.21-a0-82-gdb84782 (webtiles) character file.

1112 Rrauwl the Caller (level 8, -12/67 HPs)
             Began as a Red Draconian Summoner on June 24, 2017.
             Was an Initiate of Sif Muna.
             Mangled by BearDestroyer's ghost (25 damage)
             ... on level 5 of the Dungeon.
             The game lasted 00:22:59 (6272 turns).

Rrauwl the Caller (Red Draconian Summoner)          Turns: 6272, Time: 00:22:59

Health: -12/67     AC:  9    Str: 10    XL:     8   Next: 11%
Magic:  3/12       EV: 14    Int: 16    God:    Sif Muna [......]
Gold:   264        SH:  0    Dex: 14    Spells: 7/13 levels left

rFire    + . .     SeeInvis +   h - +1 spear
rCold    + . .     Gourm    .   (no shield)
rNeg     . . .     Faith    .   (armour unavailable)
rPois    .         Spirit   .   q - +2 hat
rElec    .         Reflect  .   (no cloak)
rCorr    .         Harm     .   g - +0 pair of gloves
MR       .....     Rnd*Rage +   (no boots)
Stlth    ++........             (no amulet)
HPRegen  0.21/turn              e - ring of protection from cold
MPRegen  0.13/turn              (no ring)

@: very slightly contaminated
A: breathe fire, unfitting armour, see invisible, berserk 1, fire resistance 1,
cold-blooded, AC +6
a: Breathe Fire, Renounce Religion


You were on level 5 of the Dungeon.
You worshipped Sif Muna.
Sif Muna was noncommittal.
You were very hungry.

You visited 2 branches of the dungeon, and saw 6 of its levels.
You also visited: Sewer.

You collected 264 gold pieces.

Inventory:

Hand Weapons
 h - a +1 spear (weapon)
 i - a +0 halberd
Armour
 g - a +0 pair of gloves (worn)
 q - a +2 hat (worn)
Jewellery
 e - a ring of protection from cold (left hand)
Wands
 n - a wand of flame (28/48)
 o - a wand of digging (16/24)
 p - a wand of lightning (5/15)
Scrolls
 d - a scroll of enchant armour {unknown}
 f - 3 scrolls of identify
 r - a scroll of teleportation
 s - a scroll of blinking
Potions
 j - a potion of mutation
 k - 3 potions of might
 l - a potion of flight
 m - a potion of curing
Books
 a - a book of Callings

   Spells                             Type                      Level
   a - Summon Small Mammal            Summoning                    1
   b - Call Imp                       Summoning                    2
   c - Call Canine Familiar           Summoning                    3
   d - Summon Guardian Golem          Hexes/Summoning              3
   e - Summon Lightning Spire         Summoning/Air                4
   f - Summon Ice Beast               Ice/Summoning                4
Comestibles
 b - 2 bread rations
 c - 2 meat rations


   Skills:
 + Level 4.4 Fighting
 + Level 4.2 Polearms
 - Level 4.2 Dodging
 - Level 3.1 Stealth
 - Level 3.0 Spellcasting
 - Level 5.0 Summonings
 + Level 2.4 Ice Magic


You had 7 spell levels left.
You knew the following spells:

 Your Spells              Type           Power        Failure   Level  Hunger
b - Call Imp              Summ           ###.....     3%          2    ##.....
c - Summon Ice Beast      Ice/Summ       ##......     38%         4    #####..


Dungeon Overview and Level Annotations

Branches:
Dungeon (5/15)             Temple (1/1) D:4

Altars:
Cheibriados
Elyvilon
Fedhas
Gozag
Hepliaklqana
Kikubaaqudgha
Qazlal
Ru
Sif Muna
Trog
Uskayaw
Vehumet
Yredelemnul
The Shining One

Annotations:
D:5 BearDestroyer's ghost, novice TrBe


Innate Abilities, Weirdness & Mutations

You can breathe blasts of fire.
Your fiery red scales are hard. (AC +6)
You cannot fit into any form of body armour.
Your flesh is heat resistant. (rF+)
You are cold-blooded and may be slowed by cold attacks.
You have supernaturally acute eyesight. (SInv)
You tend to lose your temper in combat.


Message History

Your ice beast completely misses BearDestroyer's ghost.
BearDestroyer's ghost hits you!!
* * * LOW HITPOINT WARNING * * *
Unknown command.
Your ice beast closely misses BearDestroyer's ghost.
Your white imp gestures at BearDestroyer's ghost.
The puff of frost hits BearDestroyer's ghost.
BearDestroyer's ghost resists.
Your white imp barely misses BearDestroyer's ghost.
You are feeling very hungry.
Your white imp gestures at BearDestroyer's ghost.
The puff of frost hits BearDestroyer's ghost.
BearDestroyer's ghost resists.
BearDestroyer's ghost hits you!
* * * LOW HITPOINT WARNING * * *
Okay, then.
Casting: Call Imp
Confirm with . or Enter, or press ? or * to list all spells.
Okay, then.
You feel better. BearDestroyer's ghost hits you!!
You die...

...P.P≈♣♣♣≈≈≈≈.P#
#PP≈♣≈
...≈P.PP≈P♣≈≈≈###P≈♣♣♣
#....≈PP.≈.P≈...P≈P
#.#......##....P≈♣♣♣
#...............≈≈≈≈
##..........#.##P≈≈≈
#5Y<............≈P.
#.W######.......P..
##@# #.........# #.#
#.##..#.... #.#
#####...... #.#
###....
#.############....
#..............#..
##.................
≈≈≈
#.................. ≈
≈≈ #.>(......##.......


You could see BearDestroyer's ghost, a friendly ice beast and a friendly white
imp.

Vanquished Creatures
  Grinder (D:3)
  The ghost of Rrauwl the Bolt Thrower, an amateur GnAM (D:3)
  An ogre (D:4)
  A big kobold (Sewer)
  A bullfrog (D:4)
  A scorpion (D:4)
  2 howler monkeys (D:5)
  Jessica (D:2)
  2 iguanas (D:4)
  Natasha (twice) (D:2)
  4 gnolls
  6 adders
  A river rat (Sewer)
  2 dart slugs
  5 leopard geckos
  6 giant cockroaches
  9 goblins
  11 hobgoblins
  6 jackals
  7 kobolds
  A quokka (D:4)
  7 bats
  8 frilled lizards
  A leopard gecko skeleton (D:4)
  6 rats
93 creatures vanquished.

Vanquished Creatures (collateral kills)
  Sigmund (D:5)
  An ogre (D:4)
  A jelly (D:5)
  A gnoll shaman (D:4)
  Natasha (D:2)
  3 gnolls
  An adder (D:3)
  A river rat (Sewer)
  A hobgoblin (D:1)
  A kobold (Sewer)
  2 rats (Sewer)
14 creatures vanquished.

Vanquished Creatures (others)
  A plant (D:5)
1 creature vanquished.

Grand Total: 108 creatures vanquished

Notes
Turn   | Place    | Note
-------+----------+-------------------------------------------
     0 | D:1      | Rrauwl the Draconian Summoner began the quest for the Orb.
     0 | D:1      | Reached XP level 1. HP: 14/14 MP: 3/3
   409 | D:1      | Reached XP level 2. HP: 16/22 MP: 5/5
   432 | D:1      | HP: 1/22 [bat (1)]
  1058 | D:1      | Reached skill level 1 in Fighting
  1147 | D:1      | Learned a level 2 spell: Call Imp
  1572 | D:2      | Reached XP level 3. HP: 27/28 MP: 6/6
  1575 | D:2      | Noticed Natasha
  1585 | D:2      | Killed Natasha
  1681 | D:2      | Reached skill level 1 in Polearms
  1848 | D:2      | Reached XP level 4. HP: 35/35 MP: 3/7
  1889 | D:2      | Noticed Natasha
  1899 | D:2      | Killed Natasha
  1911 | D:2      | Noticed Natasha
  1915 | D:2      | Killed Natasha
  1919 | D:2      | Gained mutation: You tend to lose your temper in combat. [potion of mutation]
  1919 | D:2      | Gained mutation: You have supernaturally acute eyesight. (SInv) [potion of mutation]
  2457 | D:2      | Reached XP level 5. HP: 40/40 MP: 9/9
  2510 | D:2      | Noticed Jessica
  2520 | D:2      | Killed Jessica
  2724 | D:3      | Found a glowing drain.
  2766 | Sewer    | Entered a sewer
  3132 | Sewer    | Found a glowing silver altar of Zin.
  3225 | D:3      | Reached XP level 6. HP: 41/48 MP: 10/10
  3501 | D:3      | Noticed Grinder
  3521 | D:3      | Killed Grinder
  3530 | D:3      | Reached skill level 5 in Summonings
  3536 | D:3      | Learned a level 4 spell: Summon Ice Beast
  4001 | D:3      | Noticed Rrauwl's ghost (amateur GnAM)
  4026 | D:3      | Killed Rrauwl's ghost
  4179 | D:3      | Your scales start taking on a fiery red colour.
  4179 | D:3      | Reached XP level 7. HP: 56/57 MP: 11/11
  4179 | D:3      | Gained mutation: Your flesh is heat resistant. (rF+) [Red Draconian growth]
  4585 | D:4      | Reached skill level 1 in Ice Magic
  4602 | D:4      | Found a white marble altar of Elyvilon.
  4643 | D:4      | Found a staircase to the Ecumenical Temple.
  4652 | Temple   | Entered the Ecumenical Temple
  4676 | Temple   | Became a worshipper of Sif Muna the Loreminder
  5780 | D:5      | Entered Level 5 of the Dungeon
  5780 | D:5      | Noticed Sigmund
  6138 | D:5      | Killed Sigmund
  6138 | D:5      | Reached XP level 8. HP: 59/67 MP: 1/12
  6241 | D:5      | Noticed BearDestroyer's ghost (novice TrBe)
  6272 | D:5      | Mangled by BearDestroyer's ghost

Vault maps used:
D:1:      nagdon_arrival_zigzag_paths
D:2:      uniq_natasha, uniq_jessica
D:3:      portal_sewer_entry_f, uniq_grinder
D:4:      cheibrodos_greedy_goblins, elyvilon_altar_4, minmay_temple_entry_grid,
          first_bread
D:5:      serial_bayou, serial_bayou_shore_a, serial_bayou_lagoon_a,
          serial_bayou_pond_c, serial_bayou_lake_a, uniq_sigmund
Temple:   dshaligram_water_room_temple
Sewer:    sewer_kobolds

Skill      XL: |  1  2  3  4  5  6  7 |
---------------+----------------------+-----
Stealth        | 2 3 |  3.1
Dodging        | 2 3 4 |  4.2
Fighting       | 1 2 3 4 |  4.4
Polearms       | 1 2 4 |  4.2
Spellcasting   | 3 |  3.0
Summonings     | 5 |  5.0
Ice Magic      | 2 |  2.4

Action                   |  1- 3 |  4- 6 |  7- 9 || total
-------------------------+-------+-------+-------++-------
Melee: Halberd           |   124 |       |       ||   124
       Unarmed           |    60 |       |       ||    60
       Tailslap          |    16 |    14 |    20 ||    50
       Spear             |    46 |   223 |   152 ||   421
 Cast: Summon Small Mamm |     5 |       |       ||     5
       Call Imp          |     7 |    15 |     9 ||    31
       Summon Ice Beast  |       |       |     4 ||     4
  Use: Scroll            |     2 |     3 |     5 ||    10
       Potion            |     2 |     7 |     2 ||    11
 Stab: Sleeping          |     5 |     4 |     5 ||    14
  Eat: Chunk             |     4 |     7 |     6 ||    17
       Royal jelly       |       |     1 |     1 ||     2
Armor: Skin              |    90 |    42 |    21 ||   153
Dodge: Dodged            |   186 |   110 |    77 ||   373
